 Dungeon Crawl Stone Soup version 0.30-a0-719-gcc4359ea44 (webtiles) character file.

Game seed: 10808610892593418457

20600 Dirtsage the Martial Artist (level 12, -1/98 HPs)
             Began as an Octopode Transmuter on Jan 26, 2023.
             Was a Believer of the Shining One.
             Slain by a cane toad (13 damage)
             ... on level 2 of the Lair of Beasts.
             The game lasted 00:34:46 (14417 turns).

Dirtsage the Martial Artist (Octopode Transmuter)  Turns: 14417, Time: 00:34:47

Health: -1/98      AC:  9    Str: 10    XL:     12   Next: 81%
Magic:  12/17      EV: 12    Int: 20    God:    the Shining One [**....]
Gold:   871        SH:  5    Dex: 12    Spells: 8/15 levels left

rFire   x . .      SeeInvis +      - Unarmed
rCold   + + +      Faith    .    (shield currently unavailable)
rNeg    + . .      Spirit   .    (helmet currently unavailable)
rPois   +          Reflect  +    y - amulet of reflection
rElec   .          Harm     .    k - ring of willpower
rCorr   .          Rampage  .    P - ring of poison resistance
Will    ++...                    S - ring of see invisible
Stlth   +                        I - ring of protection from cold
HPRegen 0.36/turn                K - ring of willpower
MPRegen 0.15/turn                (no ring)
                                 (no ring)
                                 (no ring)

@: ice-form, wereblooded, glowing
A: freezing attack, boosted hp, almost no armour, amphibious, 8 rings, large,
(camouflage 1), (gelatinous body 1), (nimble swimmer 1), (tentacles)
a: End Transformation, Renounce Religion, Divine Shield


You were on level 2 of the Lair of Beasts.
You worshipped the Shining One.
The Shining One was pleased with you.
You were a creature of crystalline ice.
You visited 3 branches of the dungeon, and saw 13 of its levels.
You also visited: Sewer.

You collected 871 gold pieces.

Inventory:

Missiles
 A - 5 curare-tipped darts
Magical Staves
 C - a staff of cold
Jewellery
 k - a ring of willpower (left front paw)
 m - an amulet of magic regeneration
 y - an amulet of reflection (around neck)
 I - a ring of protection from cold (on tentacle)
 K - a ring of willpower (on tentacle)
 P - a ring of poison resistance (right front paw)
 S - a ring of see invisible (on tentacle)
Wands
 n - a wand of iceblast (3)
 w - a wand of flame (10) (quivered)
 E - a wand of light (9)
 G - a wand of polymorph (9)
Scrolls
 c - a scroll of brand weapon
 e - a scroll of enchant armour
 f - a scroll of noise
 g - 6 scrolls of fear
 o - a scroll of enchant weapon
 r - 3 scrolls of vulnerability
 s - a scroll of fog
 t - 4 scrolls of teleportation
 u - 2 scrolls of silence
 z - a scroll of immolation {unknown}
 B - a scroll of poison
 H - a scroll of amnesia
Potions
 a - a potion of lignification
 b - 3 potions of cancellation {unknown}
 d - 4 potions of might
 h - 2 potions of haste
 i - a potion of berserk rage {unknown}
 j - a potion of resistance {unknown}
 l - 5 potions of heal wounds
 p - 3 potions of flight {unknown}
 q - 7 potions of curing
 v - a potion of brilliance {unknown}
 x - 2 potions of magic {unknown}
 D - 2 potions of mutation
 F - a potion of invisibility {unknown}
 J - a potion of attraction


   Skills:
 + Level 8.0 Fighting
 + Level 8.2 Dodging
 * Level 11.0 Unarmed Combat
 - Level 2.0 Spellcasting
 - Level 8.0 Transmutations
 - Level 8.0 Ice Magic
 - Level 7.0 Invocations
 - Level 7.1 Evocations


You had 8 spell levels left.
You knew the following spells:

 Your Spells              Type           Power      Damage    Failure   Level
a - Beastly Appendage     Tmut           68%        N/A       1%          1
b - Wereblood             Tmut           34%        N/A       1%          2
c - Ice Form              Ice/Tmut       34%        N/A       6%          4

Your spell library contained the following spells:

 Spells                   Type           Power      Damage    Failure   Level
 Ensorcelled Hibernation  Hex/Ice        36%        N/A       4%          2
 Spider Form              Tmut/Pois      18%        N/A       9%          3
 Blink                    Tloc           4%         N/A       24%         2
 Lesser Beckoning         Tloc           4%         N/A       24%         2
 Momentum Strike          Conj/Tloc      4%         3d8       24%         2
 Airstrike                Air            1%         2d(1-17)  83%         4
 Anguish                  Hex/Necr       1%         N/A       83%         4
 Summon Lightning Spire   Summ/Air       2%         N/A       83%         4
 Lightning Bolt           Conj/Air       1%         1d12      99%         5


Dungeon Overview and Level Annotations

Branches:
Dungeon (10/15)            Temple (1/1) D:6            Lair (2/5) D:10
  Sewer (visited)
  Swamp: Lair:2-3    Shoals: Lair:2-3     Snake: Lair:2-3    Spider: Lair:2-3
    Orc: D:9-12

Altars:
Ashenzari
Cheibriados
Dithmenos
Elyvilon
Fedhas
Gozag
Hepliaklqana
Kikubaaqudgha
Makhleb
Nemelex Xobeh
Okawaru
Qazlal
Ru
Sif Muna
Trog
Uskayaw
Vehumet
Wu Jian
Xom
Yredelemnul
Zin
The Shining One

Shops:
D:2 [   D:8 [

Annotations:
D:4 1 runed translucent door, Crazy Yiuf
D:8 exclusion: orange crystal statue


Innate Abilities, Weirdness & Mutations

You are a creature of crystalline ice.
You have a powerful freezing melee attack.
Your maximum health is increased.
Your armour is entirely melded.
You are incapable of wielding weapons or throwing items.
You cannot wear most types of armour.
You are amphibious.
You can wear up to eight rings at the same time.
((Your skin changes colour to match your surroundings (Stealth+).))
((Your rubbery body absorbs attacks. (AC +1, EV +1)))
((You are camouflaged when in or above water. (Stealth+)))
((You have tentacles for arms and can constrict up to eight enemies at once.))


Message History

The cane toad stings you!!
You take 18 damage, and have 69/98 hp.
You hit the cane toad but do no damage.
The cane toad is moderately wounded.
The cane toad stings you!
You take 8 damage, and have 61/98 hp.
You are too injured to fight recklessly!
You are too injured to fight recklessly!
Casting: Ice Form (dangerous; 6% risk of failure)
Confirm with . or Enter, or press ? or * to list all spells.
Your blood is infused with primal strength.
The cane toad stings you. x2
You are poisoned.
The cane toad poisons you!
You take 10 damage, and have 51/98 hp.
You now have 12/17 mp.
You pummel the six-headed hydra!! You freeze the six-headed hydra.
The six-headed hydra is moderately wounded.
You feel very sick.
You block the six-headed hydra's attack.
The six-headed hydra bites you!
The six-headed hydra bites you but does no damage.
The six-headed hydra bites you!
* * * LOW HITPOINT WARNING * * *
You block the six-headed hydra's attack.
The six-headed hydra bites you.
* * * LOW HITPOINT WARNING * * *
You take 28 damage, and have 23/98 hp.
MASSIVE DAMAGE!!
You feel better.
The cane toad stings you but does no damage.
The six-headed hydra bites you!
* * * LOW HITPOINT WARNING * * *
The six-headed hydra bites you!
* * * LOW HITPOINT WARNING * * *
The six-headed hydra bites you.
* * * LOW HITPOINT WARNING * * *
The six-headed hydra bites you.
* * * LOW HITPOINT WARNING * * *
You block the six-headed hydra's attack.
The six-headed hydra barely misses you. The cane toad stings you!
You die...

♣..†...# ♣♣♣....#
♣♣...### ♣.÷...# ♣♣...##
♣...# ♣.÷## ♣..# ###
####
♣♣.Y########..###...
♣..DF.##..P......#..
♣...>..........<....
♣....................
.......................
.......................
.......................÷
........................
.......#####P##.#..###.


You could see a six-headed hydra and a cane toad.

Vanquished Creatures
  2 hydras
  A centaur warrior (D:10)
  A tengu warrior (D:9)
  A skeletal warrior (D:10)
  Maurice (D:10)
  3 elephants (Lair:2)
  5 black mambas (Lair:1)
  An unseen horror (D:10)
  3 komodo dragons
  5 cane toads
  A tengu conjurer (D:9)
  A polar bear (Lair:1)
  3 trolls (D:10)
  8 blink frogs
  Sigmund (D:4)
  Eustachio (D:6)
  17 yaks
  Menkaure (D:4)
  A steam dragon (Lair:2)
  Duvessa (D:4)
  8 water moccasins
  2 acid dragons (D:10)
  6 orc warriors
  An ice beast (D:7)
  14 wolves
  A black bear (D:8)
  2 ogres
  5 centaurs
  A phantom (D:6)
  3 kobold brigands
  11 bullfrogs
  A gnoll sergeant (D:10)
  A scorpion (D:5)
  Dowan (D:4)
  3 wights (D:8)
  13 killer bees
  3 electric eels (D:10)
  6 howler monkeys
  A gnoll bouda (D:7)
  6 orc priests
  6 hounds
  6 iguanas
  4 orc wizards
  7 gnolls
  6 adders
  A river rat (D:3)
  6 white imps
  An ufetubus (D:6)
  3 dart slugs
  54 orcs
  4 bats
  9 endoplasms
  13 giant cockroaches
  9 goblins
  6 hobgoblins
  2 jackals (D:4)
  5 quokkas
  6 ball pythons
  10 frilled lizards
  17 kobolds
  6 rats
  A spectral orc (D:7)
329 creatures vanquished.

Vanquished Creatures (others)
  A bush (Lair:1)
  10 fungi
  10 plants
  4 toadstools (D:3)
25 creatures vanquished.

Grand Total: 354 creatures vanquished

Notes
Turn   | Place    | Note
-------+----------+-------------------------------------------
     0 | D:1      | Dirtsage the Octopode Transmuter began the quest for the
                  | Orb.
     0 | D:1      | Reached XP level 1. HP: 13/13 MP: 3/3
   350 | D:1      | Reached skill level 1 in Ice Magic
   350 | D:1      | Reached XP level 2. HP: 3/18 MP: 3/5
   539 | D:1      | Learned a level 2 spell: Wereblood
  1071 | D:2      | Reached XP level 3. HP: 23/23 MP: 4/6
  1215 | D:2      | Found a faded altar of an unknown god.
  1721 | D:2      | Found Hasiuv's Antique Armour Shoppe.
  1792 | D:3      | Found a glowing drain.
  1821 | D:3      | Reached XP level 4. HP: 19/28 MP: 4/7
  1828 | D:3      | Learned a level 4 spell: Ice Form
  1834 | Sewer    | Entered a sewer
  2091 | Sewer    | Noticed a bullfrog
  2092 | Sewer    | Noticed a bullfrog
  2100 | Sewer    | Killed a bullfrog
  2101 | Sewer    | Reached XP level 5. HP: 31/33 MP: 1/8
  2248 | Sewer    | Reached XP level 6. HP: 37/38 MP: 9/9
  3198 | D:4      | Noticed Sigmund
  3208 | D:4      | Killed Sigmund
  3209 | D:4      | Reached skill level 5 in Transmutations
  3209 | D:4      | Reached XP level 7. HP: 23/43 MP: 10/10
  3415 | D:4      | Found a runed translucent door.
  3416 | D:4      | Noticed Crazy Yiuf
  3513 | D:4      | Reached skill level 5 in Ice Magic
  3673 | D:4      | Noticed Menkaure
  3696 | D:4      | Killed Menkaure
  3834 | D:4      | Noticed Dowan
  3835 | D:4      | Noticed Duvessa
  3849 | D:4      | Killed Duvessa
  3853 | D:4      | Killed Dowan
  4015 | D:4      | Found a glowing golden altar of the Shining One.
  4015 | D:4      | Found a shimmering blue altar of Sif Muna.
  4016 | D:4      | Found a white marble altar of Elyvilon.
  4021 | D:4      | Became a worshipper of the Shining One
  4338 | D:4      | Found a shadowy altar of Dithmenos.
  4490 | D:5      | Entered Level 5 of the Dungeon
  4523 | D:5      | Reached XP level 8. HP: 41/48 MP: 9/11
  4965 | D:5      | Reached skill level 1 in Invocations
  4965 | D:5      | Reached skill level 1 in Evocations
  5688 | D:6      | Found a staircase to the Ecumenical Temple.
  5695 | Temple   | Entered the Ecumenical Temple
  5700 | D:6      | Noticed Eustachio
  6416 | D:6      | Reached XP level 9. HP: 38/55 MP: 8/12
  6625 | D:6      | Killed Eustachio
  6832 | D:7      | Found an iron altar of Okawaru.
  6835 | D:7      | Reached * piety under the Shining One
  6861 | D:7      | Reached skill level 4 in Unarmed Combat
  7272 | D:7      | Found a basalt altar of Yredelemnul.
  8155 | D:8      | Found Buleotic's Armour Shoppe.
  8514 | D:8      | Reached XP level 10. HP: 49/63 MP: 8/13
  8872 | D:8      | Noticed an orange crystal statue
  8906 | D:8      | Reached skill level 5 in Unarmed Combat
  8975 | D:8      | Found a sacrificial altar of Ru.
  9454 | D:9      | Noticed a tengu warrior
  9476 | D:9      | Killed a tengu warrior
 10081 | D:9      | Reached skill level 6 in Unarmed Combat
 10084 | D:9      | Reached skill level 5 in Dodging
 10447 | D:10     | Entered Level 10 of the Dungeon
 10455 | D:10     | Reached skill level 5 in Evocations
 10474 | D:10     | Reached skill level 5 in Invocations
 10479 | D:10     | Noticed a centaur warrior
 10482 | D:10     | Reached skill level 5 in Fighting
 10488 | D:10     | Killed a centaur warrior
 10489 | D:10     | Reached skill level 7 in Unarmed Combat
 10489 | D:10     | Reached XP level 11. HP: 72/72 MP: 8/15
 10556 | D:10     | Found a staircase to the Lair.
 10876 | D:10     | Noticed Maurice
 10894 | D:10     | Killed Maurice
 11370 | D:10     | Reached ** piety under the Shining One
 11378 | D:10     | Noticed a skeletal warrior
 11409 | D:10     | Killed a skeletal warrior
 11694 | D:10     | Reached skill level 8 in Unarmed Combat
 11839 | D:10     | Noticed a red ugly thing
 11931 | Lair:1   | Entered Level 1 of the Lair of Beasts
 12517 | Lair:1   | Reached skill level 9 in Unarmed Combat
 12637 | Lair:1   | Reached XP level 12. HP: 80/80 MP: 12/17
 13642 | Lair:1   | Noticed a four-headed hydra
 13650 | Lair:1   | Killed a four-headed hydra
 13651 | Lair:1   | Reached skill level 10 in Unarmed Combat
 13815 | Lair:2   | Noticed a six-headed hydra
 13827 | Lair:2   | Killed a six-headed hydra
 14246 | Lair:2   | Reached skill level 11 in Unarmed Combat
 14411 | Lair:2   | Noticed a six-headed hydra
 14417 | Lair:2   | Slain by a cane toad

Illustrated notes

Levels and vault maps discovered:
D:1:      minmay_arrival_solitary_statue, layout_basic, serial_bayou,
          serial_bayou_crossing, serial_bayou_pond_e, serial_bayou_pond_d,
          serial_bayou_pond_b
D:2:      layout_basic, shapermc_ecumenical_altar_ellora, serial_shops, shop
D:3:      layout_basic, portal_sewer_entry_a, kennysheep_small_spiral,
          hangedman_decor_diamond_cutter, minmay_gold_behind_fungi,
          dreamdust_wishing_well, feat_on_display
D:4:      layout_loops_corners, nicolae_overflow_quartered_altars,
          uniq_menkaure, uniq_sigmund, uniq_duvessa, uniq_crazy_yiuf_cottage
D:5:      layout_basic
D:6:      layout_loops_corners, temple_green, uniq_eustachio
D:7:      layout_basic, mainiacjoe_overflow_small_starburst,
          yredelemnul_forgotten_temple_becter
D:8:      layout_loops_corners, mainiacjoe_overflow_alcove_1, serial_shops,
          nicolae_shop_behind_doors, enter_bailey_2, special_room
          [special_room_orc], disabler_island
D:9:      layout_irregular_city
D:10:     minmay_slanted_spiral_squares, layout_loops_ring, erik_lair_island,
          uniq_maurice
Temple:   minmay_freezing_vapour_temple
Lair:1:   cheibrodos_lair_river_kwai, layout_regular_city,
          hangedman_lair_unloving_vines, beast_lair_carwin_6
Lair:2:   layout_hall_layers, palyth_hydra_swamp_entry,
          infiniplex_staircase_pool, uniq_harold

Skill      XL: |  1  2  3  4  5  6  7  8  9 10 11 12 |
---------------+-------------------------------------+-----
Ice Magic      | 1 2 3 4 5 6 7 8 |  8.0
Transmutations | 3 4 5 6 7 8 |  8.0
Invocations    | 2 3 5 6 7 |  7.0
Evocations     | 2 3 5 6 7 |  7.1
Fighting       | 2 3 5 6 8 |  8.0
Dodging        | 3 4 5 6 8 |  8.2
Unarmed Combat | 4 7 9 11 | 11.0
Spellcasting   | |  2.0

Action                     |  1- 3 |  4- 6 |  7- 9 | 10-12 || total
---------------------------+-------+-------+-------+-------++-------
  Melee: Unarmed           |    79 |    91 |   300 |   428 ||   898
         Constrict         |    24 |    16 |     6 |     2 ||    48
         Tentacles         |    10 |    18 |     7 |     1 ||    36
         Kick              |    12 |     6 |     3 |       ||    21
         Punch             |       |     2 |     1 |     8 ||    11
   Cast: Beastly Appendage |    10 |    12 |     3 |       ||    25
         Wereblood         |     1 |     7 |    16 |    25 ||    49
         Ice Form          |       |     3 |    33 |    36 ||    72
 Invoke: Divine Shield     |       |       |     1 |     5 ||     6
  Evoke: Wand              |       |       |       |     5 ||     5
    Use: Potion            |     1 |       |       |     9 ||    10
         Scroll            |       |       |       |    15 ||    15
   Stab: Sleeping          |     8 |     6 |     2 |       ||    16
 Armour: Skin              |     5 |    15 |    64 |   168 ||   252
  Dodge: Dodged            |    42 |    50 |   120 |   141 ||   353
  Block: Other             |       |       |    70 |   132 ||   202
         Reflection        |       |       |     5 |     6 ||    11

Table legend: (Time is in decaauts)
 A = Elapsed time spent in this place.
 B = Non-inter-level travel time spent in this place.
 C = Inter-level travel time spent in this place.
 D = Time resting spent in this place.
 E = Time spent auto-exploring this place.
 F = Levels seen in this place.
 G = Mean time per level.
                   A        B        C        D        E       F      G
               +--------+--------+--------+--------+--------+-----+--------+
         Total |  14301 |  13456 |    845 |     25 |  11229 |  14 | 1021.5 |
       Dungeon |  11413 |  10593 |    820 |     10 |   8981 |  10 | 1141.3 |
        Temple |      1 |      1 |      0 |      0 |      0 |   1 |    1.0 |
          Lair |   2424 |   2399 |     25 |      0 |   1995 |   2 | 1212.0 |
         Sewer |    461 |    461 |      0 |     15 |    253 |   1 |  461.0 |
               +--------+--------+--------+--------+--------+-----+--------+

Top non-repeatable levels by time:
  Lair:1: 1830 daAuts
    D:10: 1466 daAuts
     D:8: 1454 daAuts
     D:6: 1312 daAuts
     D:4: 1285 daAuts
     D:5: 1074 daAuts
     D:3: 1042 daAuts
     D:9: 1002 daAuts
     D:7: 996 daAuts
     D:2: 905 daAuts
     D:1: 872 daAuts
  Lair:2: 594 daAuts
   Sewer: 461 daAuts
  Temple: 1 daAuts
